 Dungeon Crawl Stone Soup version 0.24.0-125-gc4c63601f3 (webtiles) character file.

Game seed: 13887466062341057045, levelgen mode: deterministic

499 ReteAZ the Spear-Bearer (level 7, -9/56 HPs)
             Began as a Merfolk Gladiator on Mar 17, 2020.
             Was an Initiate of Okawaru.
             Mangled by an ogre
             ... wielding a +0 giant spiked club
              (30 damage)
             ... on level 4 of the Dungeon.
             The game lasted 00:06:19 (4322 turns).

ReteAZ the Spear-Bearer (Merfolk Gladiator)         Turns: 4322, Time: 00:06:20

Health: -9/56      AC:  5    Str: 14    XL:     7   Next: 16%
Magic:  7/7        EV: 14    Int:  7    God:    Okawaru [......]
Gold:   173        SH:  0    Dex: 18    Spells: 6/6 levels left

rFire    . . .     SeeInvis .   y - +1 falchion (elec)
rCold    . . .     Gourm    .   (no shield)
rNeg     . . .     Faith    .   b - +0 leather armour
rPois    .         Spirit   .   g - +2 hat
rElec    .         Reflect  .   (no cloak)
rCorr    .         Harm     .   (no gloves)
MR       .....                  (no boots)
Stlth    ++........             (no amulet)
HPRegen  0.18/turn              (no ring)
MPRegen  0.10/turn              (no ring)

@: no status effects
A: change form in water, swift swim, stealthy swim
a: Renounce Religion


You were on level 4 of the Dungeon.
You worshipped Okawaru.
Okawaru was noncommittal.
You were not hungry.

You visited 2 branches of the dungeon, and saw 5 of its levels.

You collected 173 gold pieces.

Inventory:

Hand Weapons
 a - a +0 trident
 y - a +1 falchion of electrocution (weapon)
 B - the +7 dagger "Nehit" {protect, +Inv Int+4 Dex+4}
   (You found it on level 4 of the Dungeon)

   It grants its wielder temporary protection when it strikes (+7 to AC).
   It affects your intelligence (+4).
   It affects your dexterity (+4).
   It lets you turn invisible.
Missiles
 d - 3 throwing nets
 s - 8 poisoned darts (quivered)
 u - 16 boomerangs
Armour
 b - a +0 leather armour (worn)
 c - a +0 helmet
 g - a +2 hat (worn)
Jewellery
 t - a +3 ring of intelligence {unknown}
Wands
 v - a wand of paralysis (13)
 w - a wand of clouds (5)
Scrolls
 i - 3 scrolls of enchant armour {unknown}
 j - 2 scrolls of enchant weapon {unknown}
 k - 4 scrolls of identify {unknown}
 m - a scroll of amnesia {unknown}
 n - a scroll of blinking {unknown}
 o - a scroll of magic mapping {unknown}
 p - 2 scrolls of teleportation {unknown}
 x - a scroll of immolation {unknown}
 z - 5 scrolls of remove curse {unknown}
Potions
 e - 4 potions of heal wounds {unknown}
 h - 2 potions of agility {unknown}
 l - a potion of might {unknown}
 q - 2 potions of flight {unknown}
 r - a potion of curing {unknown}
 C - a potion of cancellation {unknown}
 D - a potion of lignification {unknown}
Comestibles
 f - 4 rations


   Skills:
 + Level 5.5 Fighting
 - Level 9.0 Polearms
 - Level 2.0 Throwing
 - Level 4.0 Dodging
 - Level 1.3 Stealth


You had 6 spell levels left.
You didn't know any spells.
Your spell library was empty.

Dungeon Overview and Level Annotations

Branches:
Dungeon (4/15)             Temple (1/1) D:4

Altars:
Ashenzari
Cheibriados
Fedhas
Gozag
Kikubaaqudgha
Makhleb
Nemelex Xobeh
Okawaru
Qazlal
Sif Muna
Trog
Xom
Zin
The Shining One

Shops:
D:4 *


Message History

You hit the ogre.
The ogre is lightly wounded.
The ogre hits you with a +0 giant spiked club!
You hit the ogre.
The ogre is moderately wounded.
The ogre misses you.
You hit the ogre.
The ogre is heavily wounded.
The ogre hits you with a +0 giant spiked club!!
Ouch! That really hurt!
You are too injured to fight recklessly!
You are too injured to fight recklessly!
You are too injured to fight recklessly!
You are too injured to fight recklessly!
You are too injured to fight recklessly!
You hit the ogre.
The ogre is heavily wounded.
The ogre hits you with a +0 giant spiked club!!
Ouch! That really hurt!
You die...

#...............#
#.....#####'#####
#........##.##
#.....####...##
..#######.....####
..+..>.....⌠..)..#
..###..###...###.#
..# #.#.##...##..#
..###....#.>.#..@#
......####...##O##
.......###...#######
#......+...⌠.......#
#.....###.....####.#
#.....# ##...##....#
####### ##.########
.# ##'# .## #..#


You could see an ogre.

Vanquished Creatures
  An ogre (D:4)
  4 killer bees
  A centaur skeleton (D:4)
  An iguana (D:4)
  3 worker ants (D:4)
  2 adders (D:2)
  2 oozes
  3 dart slugs
  9 leopard geckos
  7 orcs
  3 giant cockroaches
  12 goblins
  9 hobgoblins
  A quokka (D:2)
  A ball python (D:4)
  10 bats
  6 frilled lizards
  7 kobolds
  4 rats
86 creatures vanquished.

Notes
Turn   | Place    | Note
-------+----------+-------------------------------------------
     0 | D:1      | ReteAZ the Merfolk Gladiator began the quest for the Orb.
     0 | D:1      | Reached XP level 1. HP: 16/16 MP: 1/1
   301 | D:1      | Reached skill level 5 in Polearms
   301 | D:1      | Reached XP level 2. HP: 23/23 MP: 2/2
   788 | D:1      | Reached XP level 3. HP: 28/28 MP: 3/3
   975 | D:2      | Reached skill level 6 in Polearms
  1199 | D:2      | Reached XP level 4. HP: 22/34 MP: 4/4
  1777 | D:2      | Reached skill level 7 in Polearms
  2129 | D:3      | Reached XP level 5. HP: 40/40 MP: 5/5
  2360 | D:3      | Reached skill level 8 in Polearms
  2369 | D:3      | Reached skill level 1 in Stealth
  2677 | D:3      | Reached XP level 6. HP: 33/47 MP: 6/6
  2989 | D:3      | Reached skill level 9 in Polearms
  3318 | D:3      | Found a snail-covered altar of Cheibriados.
  3319 | D:3      | Found a shattered altar of Ashenzari.
  3323 | D:3      | Found an ancient bone altar of Kikubaaqudgha.
  3324 | D:3      | Found a glowing golden altar of the Shining One.
  3401 | D:4      | Found Gozag's Platinum Reserve.
  3403 | D:4      | Found an opulent altar of Gozag.
  3692 | D:4      | Found a staircase to the Ecumenical Temple.
  3709 | D:4      | Got a translucent dagger
  3710 | D:4      | Identified the +7 dagger "Nehit" {protect, +Inv Int+4
                  | Dex+4} (You found it on level 4 of the Dungeon)
  3820 | Temple   | Entered the Ecumenical Temple
  3931 | Temple   | Became a worshipper of Warmaster Okawaru
  3990 | D:4      | Reached skill level 5 in Fighting
  3990 | D:4      | Reached XP level 7. HP: 56/56 MP: 7/7
  4322 | D:4      | Mangled by an ogre

Levels and vault maps discovered:
D:1:      onia_arrival_mini_maze, layout_loops_ring, minmay_misc_feat_chi
D:2:      layout_loops_cross, serial_forest, infiniplex_forest_lined_3,
          infiniplex_forest_lined_ring, infiniplex_forest_zigzag_1,
          infiniplex_forest_end_2, infiniplex_forest_clump_tiny,
          infiniplex_forest_clump_long, minmay_liquid_box, minmay_circle_x
D:3:      layout_basic, minitemple
D:4:      layout_basic, nicolae_gozag_zags_fifth_avenue,
          minmay_temple_entry_arrows, first_ration, mrwooster_statue_mirror,
          grunt_ministairs_15, minmay_goblin_outpost
Temple:   kb_temple_of_zot

Skill      XL: |  1  2  3  4  5  6 |
---------------+-------------------+-----
Polearms       | 5 6 7 8 9 |  9.0
Fighting       | 3 5 |  5.5
Stealth        | 1 |  1.3
Throwing       | |  2.0
Dodging        | |  4.0

Action                   |  1- 3 |  4- 6 |  7- 9 || total
-------------------------+-------+-------+-------++-------
Melee: Trident           |   106 |   100 |       ||   206
       Falchion          |       |    24 |    23 ||    47
       Tailslap          |       |       |     1 ||     1
Evoke: Wand              |       |     1 |       ||     1
 Stab: Sleeping          |     1 |     5 |     2 ||     8
       Confused          |       |     4 |       ||     4
  Eat: Chunk             |     1 |     9 |     1 ||    11
Armor: Leather armour    |    16 |    27 |    11 ||    54
Dodge: Dodged            |    49 |    85 |    16 ||   150
       Rpst.: Falchion   |       |     7 |     4 ||    11
